Cogmind - Beta 15 @@@ ROGUE MODE // 2025.09.01 @ 21:03:14 Player: MadBadger Result: Destroyed by Y-45 Defender with Beam Rifle Performance ------------- Evolutions (1) 500 Regions Visited (3) 600 Robots Destroyed (64) 320 Value Destroyed (1799) 1799 Prototype IDs (0) 0 Alien Tech Used (0) 0 Bonus (0) 0 TOTAL SCORE: 3219 Bonus ------- None Cogmind --------- Core Integrity 0/400 Matter 202/300 Energy 99/100 System Corruption 0% Temperature Cool (15) Movement Core (400) Ox7 Location -9/Storage Parts ------- > --- POWER (1) -------- (None) > --- PROPULSION (3) --- (None) > --- UTILITY (3) ------ Large Storage Unit Targeting Computer > --- WEAPON (2) ------- Minigun > --- INVENTORY (15) --- Light Ion Engine Light Treads Heat Sink Improved Heat Sink Light Armor Plating EM Pulse Cannon EM Pulse Cannon EM Pulse Cannon EM Pulse Cannon Beam Cannon Minigun Grenade Launcher Mining Claw Scythe Scythe Peak State ------------ > --- POWER ------------ Improved Ion Engine > --- PROPULSION ------- Light Treads Improved Treads Improved Treads > --- UTILITY ---------- Heat Sink Large Storage Unit Targeting Computer > --- WEAPON ----------- Beam Cannon Minigun > --- INVENTORY -------- Light Ion Engine Improved Heat Sink EM Pulse Cannon EM Pulse Cannon EM Pulse Cannon EM Pulse Cannon Minigun Minigun Minigun Grenade Launcher Mining Claw Scythe Scythe [Rating: 17] Favorites ----------- Power Ion Engine Engine Ion Engine Propulsion Improved Treads Treads Improved Treads Leg Aluminum Leg Utility Targeting Computer Device Heat Sink Storage Small Storage Unit Processor Targeting Computer Protection Light Armor Plating Weapon Medium Laser Energy Gun Medium Laser Energy Cannon Beam Cannon Ballistic Gun Minigun Build | -11 -10 -9 -9 ------- Run | Yrd Mat Mat Sto Slots Evolved 2 | . . 2 . Power . | . . . . Propulsion 1 | . . 1 . Utility 1 | . . 1 . Weapon . | . . . . Parts Attached 30 | 6 8 10 6 Power 4 | 1 1 2 . Engine 4 | 1 1 2 . Core . | . . . . Reactor . | . . . . Propulsion 10 | 2 2 4 2 Treads 9 | 2 2 4 1 Leg 1 | . . . 1 Wheel . | . . . . Hover . | . . . . Flight . | . . . . Utility 6 | 1 2 2 1 Device 1 | . . 1 . Storage 3 | 1 1 1 . Processor 1 | . 1 . . Hackware . | . . . . Protection 1 | . . . 1 Artifact . | . . . . Weapon 10 | 2 3 2 3 Energy Gun 4 | 2 2 . . Energy Cannon 3 | . 1 1 1 Ballistic Gun 3 | . . 1 2 Ballistic Cannon . | . . . . Launcher . | . . . . Special Weapon . | . . . . Impact Weapon . | . . . . Slashing Weapon . | . . . . Piercing Weapon . | . . . . Special Melee Weapon . | . . . . Unidentified Prototypes . | . . . . Parts Lost 14 | . 4 5 5 Power 2 | . 1 1 . Propulsion 7 | . 1 3 3 Utility 1 | . . . 1 Weapon 4 | . 2 1 1 Highest Loss Streak 2 | . 2 2 2 To Critical Strikes . | . . . . Average Backups 9 | 1 7 11 14 Power . | . 1 . 1 Propulsion 1 | . 2 2 . Utility . | . . . 2 Weapon 6 | . 4 8 10 Tool/Special . | . . . . Unused Backups 18 | . 5 2 11 Power 2 | . 1 . 1 Propulsion 2 | . 2 . . Utility 2 | . . . 2 Weapon 12 | . 2 2 8 Tool/Special . | . . . . Average Slot Usage (%) 88 | . 92 90 70 Engine 10 | . 12 9 4 Treads 24 | . 24 28 17 Device 2 | . . 8 1 Storage 12 | . 14 11 11 Processor 12 | . 13 11 11 Energy Gun 12 | . 20 4 . Energy Cannon 8 | . 7 10 6 Ballistic Gun 4 | . . 6 13 Peak Build Rating 17 | 6 10 17 17 Average Rating 9 | 5 7 13 13 On Entrance 8 | . 6 10 17 Naked Turns . | . . . . Heaviest Build 40 | 12 20 40 34 Greatest Support 69 | 40 46 69 66 Greatest Overweight (x) 10 | . 4 1 10 Average Overweight (x) . | . . . . Largest Inventory Capacity 15 | 8 10 15 15 Average Capacity 11 | 7 8 14 15 Most Carried 15 | 4 8 15 15 Average Carried 9 | 1 7 11 14 Final Capacity 15 | 8 10 15 15 Final Carried 15 | 4 8 13 15 Class Distribution -------------------- 100% | Mutant Dominant Class ---------------- Mutant | -10/Materials Mutant | -9/Materials Mutant | -9/Storage Resources | -11 -10 -9 -9 ----------- Run | Yrd Mat Mat Sto Matter Collected 858 | 214 143 188 313 Remotely . | . . . . Salvage Created 2463 | . 699 953 811 Parts 142 | . 50 44 48 Haulers Intercepted . | . . . . Recyclers Shooed 2 | . . . 2 Parts Field Recycled . | . . . . Retrieved Matter . | . . . . Parts Self-Destructed . | . . . . Prevented . | . . . . Kills | -11 -10 -9 -9 ------- Run | Yrd Mat Mat Sto Combat Hostiles Destroyed 51 | . 20 19 12 Guns 33 | . 16 7 10 Cannons 17 | . 4 11 2 Classes Destroyed 7 | . 4 1 2 Worker 3 | . 2 . 1 Recycler 4 | . . . 4 Watcher 6 | . 3 2 1 Swarmer 9 | . 9 . . Grunt 29 | . 11 12 6 Duelist 1 | . . . 1 Sentry 12 | . . 7 5 Best Kill Streak 6 | . 6 4 4 Combat Bots Only 5 | . 5 4 3 Max Kills in Single Turn 2 | . 2 1 1 Gunslinging . | . . . . Exploded . | . . . . Melee . | . . . . Uniques/NPCs Destroyed . | . . . . Combat | -11 -10 -9 -9 -------- Run | Yrd Mat Mat Sto Hostile Shots Fired 325 | . 91 128 106 Missed 107 | . 24 47 36 Hits 218 | . 67 81 70 Projectile 218 | . 67 81 70 Critical Strikes 4 | . . 1 3 Damage Taken 2662 | . 716 1039 907 Core 578 | . 169 229 180 Absorbed by Shields . | . . . . Core Remaining (%) 66 | 100 32 . . Volleys Fired 206 | . 53 91 62 Largest 2 | . 2 2 2 Hottest 110 | . 110 110 88 Shots Fired 353 | . 97 155 101 Gun 252 | . 82 91 79 Cannon 101 | . 15 64 22 Launcher . | . . . . Special . | . . . . Kinetic 113 | . . 34 79 Thermal 233 | . 97 121 15 Explosive . | . . . . Electromagnetic 7 | . . . 7 Robot Hit Streak 16 | . 9 13 16 Robot Miss Streak 4 | . 4 2 4 Penetration Max . | . . . . Secondary Targets 5 | . 3 . 2 Max Gunslinging Chain 1 | . 1 . 1 Shots Hit Robots 239 | . 57 107 75 Core Hits 97 | . 36 35 26 Critical Kills . | . . . . Critical Parts Destroyed 1 | . . . 1 Critical Strikes 12 | . 6 4 2 Burn 10 | . 6 4 . Destroy 1 | . . . 1 Corrupt 1 | . . . 1 Melee Attacks . | . . . . Impact . | . . . . Slashing . | . . . . Piercing . | . . . . Sneak Attacks . | . . . . Combat Hostiles . | . . . . Follow-up Attacks . | . . . . Damage Inflicted 3908 | . 828 1718 1362 Guns 2653 | . 668 926 1059 Cannons 1247 | . 157 787 303 Explosions . | . . . . Melee . | . . . . Ramming 8 | . 3 5 . Kinetic 1524 | . . 465 1059 Thermal 2233 | . 825 1248 160 Explosive . | . . . . Electromagnetic 143 | . . . 143 Impact . | . . . . Slashing . | . . . . Piercing . | . . . . Highest Corruption . | . . . . Average Corruption . | . . . . Corruption Purged . | . . . . Corruption Blocked . | . . . . Overload Shots . | . . . . Overflow Damage . | . . . . Projectiles . | . . . . Explosions . | . . . . Melee . | . . . . Knockbacks . | . . . . Impact . | . . . . Kinetic . | . . . . Secondary . | . . . . Self-Inflicted Damage . | . . . . Shots . | . . . . Rammed 2 | . 1 1 . Targets Rammed 2 | . 1 1 . Kicked . | . . . . Crushed . | . . . . Highest Temperature 312 | . 312 270 103 Average Temperature 65 | . 101 42 28 Received Heat Transfer 1227 | . 228 525 474 Effects 1 | . 1 . . Energy Bleed 1 | . 1 . . Siege Activations . | . . . . Martial Activations . | . . . . Shielding Activations . | . . . . Robots Disrupted . | . . . . Combat Hostiles . | . . . . Robots Corrupted . | . . . . Combat Hostiles . | . . . . Parts Fried 1 | . . . 1 Impact Corruptions . | . . . . Robots Melted 1 | . . 1 . Combat Hostiles 1 | . . 1 . Parts Melted 6 | . 1 5 . Heat Transferred 6355 | . 2692 3330 333 Parts Sabotaged . | . . . . Parts Stolen . | . . . . Parts Stripped . | . . . . Power Chain Reactions . | . . . . Alert | -11 -10 -9 -9 ------- Run | Yrd Mat Mat Sto Maximum Alert Level 1 | . . 1 . Low Security (%) 95 | 100 100 82 100 Level 1 4 | . . 17 . Level 2 . | . . . . Level 3 . | . . . . Level 4 . | . . . . Level 5 . | . . . . High Security . | . . . . Max Security . | . . . . Peak Influence 238 | . 159 238 88 Initial 76 | . . . 76 Average 71 | . 52 129 59 Influence Increases 1425 | . 516 566 343 Destroy 0b10 Robot/C 1020 | . 400 380 240 Destroy 0b10 Robot/NC 65 | . 25 10 30 Destroy Leader 272 | . 86 114 72 Successful Hack 4 | . 4 . . Destroy Structure 4 | . 1 2 1 Lose Combat Pursuer 60 | . . 60 . Influence Decreases 1358 | . 516 384 458 Entered New Map 106 | . . . 106 Time Decay 1112 | . 476 334 302 Lost Part 140 | . 40 50 50 Squads Dispatched 11 | . 5 4 2 Investigation 3 | . 2 . 1 Extermination . | . . . . Reinforcement 8 | . 3 4 1 Assault . | . . . . Garrison . | . . . . Intercept . | . . . . Searches Triggered . | . . . . Construction Impeded . | . . . . Haulers Reinforced . | . . . . Active Scanning Responses . | . . . . Cargo Convoy Interrupts . | . . . . Stealth | -11 -10 -9 -9 --------- Run | Yrd Mat Mat Sto Distress Signals 7 | . 1 5 1 Communications Jammed . | . . . . Distress Signals . | . . . . Times Spotted 86 | . 29 39 18 Peak Tracking Total 7 | . 5 7 6 Tactical Retreats 3 | . . 3 . Traps | -11 -10 -9 -9 ------- Run | Yrd Mat Mat Sto Traps Triggered 10 | . 6 . 4 Indirectly . | . . . . Trap Hack Attempts . | . . . . Triggered . | . . . . Disarmed . | . . . . Reprogrammed . | . . . . Reused . | . . . . Traps Extracted . | . . . . Installed . | . . . . Triggered . | . . . . Machines | -11 -10 -9 -9 ---------- Run | Yrd Mat Mat Sto Machines Disabled . | . . . . Max in Single Turn . | . . . . Machines Repaired . | . . . . Machines Dismantled . | . . . . Machines Sabotaged . | . . . . Overloaded Fab Kills . | . . . . Hacking | -11 -10 -9 -9 --------- Run | Yrd Mat Mat Sto Machines Accessed 1 | . 1 . . Terminals 1 | . 1 . . Fabricators . | . . . . Repair Stations . | . . . . Recycling Units . | . . . . Scanalyzers . | . . . . Garrison Access . | . . . . Total Hacks 3 | . 3 . . Successful 3 | . 3 . . Failed . | . . . . Catastrophic . | . . . . Database Lockouts . | . . . . Manual 1 | . 1 . . Terminals 3 | . 3 . . Fabricators . | . . . . Repair Stations . | . . . . Recycling Units . | . . . . Scanalyzers . | . . . . Garrison Access . | . . . . Terminal Hacks 3 | . 3 . . Record 1 | . 1 . . Robot Analysis 1 | . 1 . . Locate Traps 1 | . 1 . . Fabricator Hacks . | . . . . Repair Station Hacks . | . . . . Recycling Unit Hacks . | . . . . Scanalyzer . | . . . . Garrison Access Hacks . | . . . . Unauthorized Hacks . | . . . . Terminals . | . . . . Fabricators . | . . . . Repair Stations . | . . . . Recycling Units . | . . . . Scanalyzers . | . . . . Garrison Access . | . . . . Data Cores Recovered . | . . . . Used . | . . . . Hacking Detections . | . . . . Full Trace Events . | . . . . Feedback Events . | . . . . Feedback Blocked . | . . . . Robot Schematics Acquired . | . . . . Robots Built . | . . . . Authchips . | . . . . Time . | . . . . Total Robot Build Rating . | . . . . Part Schematics Acquired . | . . . . Parts Built . | . . . . Authchips . | . . . . Time . | . . . . Total Part Build Rating . | . . . . Parts Repaired . | . . . . Time . | . . . . Parts Recycled . | . . . . Recycled Matter . | . . . . Retrieved Matter . | . . . . Retrieved Components . | . . . . Parts Scanalyzed . | . . . . Part Schematics Acquired . | . . . . Parts Damaged . | . . . . Bothacking | -11 -10 -9 -9 ------------ Run | Yrd Mat Mat Sto Used RIF Installer . | . . . . Robots Hacked . | . . . . Non-combat . | . . . . Combat . | . . . . Robot Hacks Applied . | . . . . Relay Couplers Released . | . . . . Fabnet Peak Effective % . | . . . . Robots Rewired . | . . . . Allies Hacked . | . . . . Hacks Repelled . | . . . . Allies | -11 -10 -9 -9 -------- Run | Yrd Mat Mat Sto Total Allies . | . . . . Largest Group . | . . . . Highest-Rated Group . | . . . . Highest-Rated Ally . | . . . . Total Orders . | . . . . Ally Attacks . | . . . . Total Damage . | . . . . Kills . | . . . . Allies Corrupted . | . . . . Allies Melted . | . . . . Intel | -11 -10 -9 -9 ------- Run | Yrd Mat Mat Sto Active Infowar (turns) . | . . . . Robot Analysis Total 1 | . 1 . . Derelict Logs Recovered . | . . . . Drone Launches . | . . . . Drone Recoveries . | . . . . Exploration | -11 -10 -9 -9 ------------- Run | Yrd Mat Mat Sto Turns Passed 3798 | 138 2013 969 678 Spaces Moved 1862 | 80 1113 415 254 Core 23 | 2 11 . 10 Treads 1799 | 78 1102 415 204 Legs 40 | . . . 40 Wheels . | . . . . Hover . | . . . . Flight . | . . . . Fastest Speed 50 | 50 160 160 160 Average Speed 167 | 157 160 165 202 Slowest Speed 550 | 160 250 240 550 Overloaded Moves . | . . . . Propulsion Burnouts . | . . . . Robots Hopped . | . . . . Potential Cave-ins . | . . . . Cave-ins Triggered . | . . . . Exploration Rate (%) 49 | 7 100 44 46 Regions Visited 3 Branch Regions 1 Pre-discovered Areas . | . . . . Known Exits Taken . | . . . . Unknown Exits Taken 3 | 1 1 1 . Scrap Searched . | . . . . Spaces Dug . | . . . . Terrain Destroyed . | . . . . Melee . | . . . . Projectile . | . . . . AOE . | . . . . Terrain Rammed . | . . . . Walls Destroyed . | . . . . Machines Disabled . | . . . . Actions | -11 -10 -9 -9 --------- Run | Yrd Mat Mat Sto Total 2210 | 89 1237 551 333 Wait 63 | . 43 15 5 Move 1859 | 79 1112 414 254 Hop . | . . . . Pick Up 29 | 4 10 13 2 Fast Attach 23 | 6 9 3 5 Attach 9 | . 1 6 2 Detach 3 | . . 2 1 Swap 4 | . 1 1 2 Drop 12 | . 7 5 . Fire 206 | . 53 91 62 Melee . | . . . . Ram . | . . . . Kick . | . . . . Crush 2 | . 1 1 . Escape Stasis . | . . . . Rewire . | . . . . Trap . | . . . . Miscellaneous . | . . . . Route ------- -11/Scrapyard -10/Materials (discovered 6 exits: *Mat x3 / [*Min x2] / [*Sub]) -9/Materials (discovered 3 exits: [*Min x2] / [*Sto]) -9/Storage History --------- Turn | Location | Event 6 | -11/Scrapyard | Discovered new exit (range 15) 139 | -11/Scrapyard | Entered Materials 316 | -10/Materials | Build established: Mutant 349 | -10/Materials | Discovered new exit (range 16) 532 | -10/Materials | Discovered new exit (range 11) 630 | -10/Materials | Discovered new exit (range 5) 1152 | -10/Materials | Core integrity fell below 50% 1168 | -10/Materials | Discovered new exit (range 4) 1613 | -10/Materials | Discovered new exit (range 5) 1806 | -10/Materials | Discovered new exit (range 8) 2152 | -10/Materials | Entered another Materials area 2152 | -9/Materials | Evolved 2 slots: Propulsion x1, Utility x1 2450 | -9/Materials | Discovered new exit (range 6) 2567 | -9/Materials | Discovered new exit (range 12) 2890 | -9/Materials | Core integrity fell below 50% 3107 | -9/Materials | Discovered new exit (range 7) 3121 | -9/Materials | Entered Storage 3786 | -9/Storage | Core integrity fell below 20% 3799 | -9/Storage | Destroyed by Y-45 Defender with Beam Rifle Last Messages --------------- 03768_ L-31 Rogue destroyed. 03775_ K-01 Serf collects debris. 03778_ G-34 Mercenary destroyed. 03778_ Switching to secondary target: Y-45 Defender. 03778_ K-01 Serf collects debris. 03781_ G-34 Mercenary destroyed. 03781_ Switching to secondary target: Y-45 Defender. 03782_ K-01 Serf collects debris. 03785_ Critical hit (Burn: +37). 03786_ K-01 Serf collects debris. 03791_ R-06 Scavenger collects Sml. Laser. 03791_ K-01 Serf destroyed. 03791_ Y-45 Defender suffers critical hit (Destroy). 03791_ Destroyed Hvy. Assault Rifle. 03791_ Aluminum Leg destroyed. 03791_ Critical hit (Burn: +37). 03791_ K-01 Serf collects debris. 03793_ Minigun destroyed. 03795_ R-06 Scavenger collects Ion Engine. 03795_ K-01 Serf collects debris. Map ----- +----------------------------------------------------+ | ?????????????????????????????????????????????????? | | ?????????????????????????????????????????????????? | | ?????????????????????????????????????????????????? | | ?????????????????????????????????????????????????? | | ?????????????????????????????????????????????????? | | ?????????????????????????????????????????????????? | | ?????????????????????????????????????????????????? | | ?????????????????????????????????????????????????? | | ?????????????????????????????????????????????????? | | ?????????????????????????????????????????????????? | | ?????????????????????????????????????????????????? | | ?????????????????????????????????????????????????? | | ?????? ????????????????????????????????????????? | | ?????? #???????????????????# ??????????????????? | | ?????? #??????????????????? ??????????????????? | | ?????# "??????????????????? ??????????????????? | | ?????# T??????????????????? ??????????????????? | | ?????# "??????????????????? ??????????????????? | | ?????# #??????????????????? ??????????????????? | | ?????# ##?????????????????? ??????????????????? | | ?????# ""?????????????????? #?????????????????? | | ?????# Y"?????????????????? #????#######??????? | | ?????# "??????????????????? #????# #??????? | | ?????# #???????????????????#/#????# #??????? | | ?????# #???????????######### #????# #??????? | | ?????# #???###?????# @ # #????# #??????? | | ?????# ##### ####### = # ###### #??????? | | ?##### +% # ! = # + #??????? | | ## # # """ """ # !kYY# ##### #??????? | | #T + # """ """ #[! !%# #???# #??????? | | ##"### / """ """ #%=k r + #???# #??????? | | ?????# # +=g o # #???# #??????? | | ?????# # # r # #???# #??????? | | ?????# # # ! # #???# #??????? | | ?????# #####+########+###### #???####+##??????? | | ?????# #???# #??????# ????# ##### ####+### | | ?????# #???# #??????# #???# | | ?????# #???# ######## ##### T %% | | ?????# #???# ##### ######## | | ?????# #???# ## ############# #### *######### | | ?????# #???#+## #?###### #=!# | | ??#### #??????+ #? # T + +! | | ??#""" #??????# # ||# # #* | | ??#"R #??????# # |!# !!! # # ! | | ??#""" #??????+ + # !! # # | | ###### #??????#### # # !! # ####+#### | | #?????????# # # # #??? #??? | | #??######?# #?###### # #??? #??? | | #??# # #??????##+######## #### ###T | | #######+##### # ######## ^%% | +----------------------------------------------------+ Best States ------------- Heat Dissipation 38 Energy Generation 12 Energy Capacity 265 Matter Stores 300 Matter Capacity 300 Sight Range 16 Terrain Scan Density 10 Armor Coverage 150 Evasion (%) 40 Targeting Accuracy 5 Recoil Reduction 3 Item Schematics ----------------- None Robot Schematics ------------------ None Fabricated ------------ Nothing Repaired ---------- Nothing Alien Tech Used ----------------- None Achievements -------------- None Challenges ------------ None Game ------ Seed DisposableChromionBooster Manual? 0 Play Time 00:30:18 Cumulative 28.7 hours Start 2025.09.01 @ 20:27:51 End 2025.09.01 @ 21:03:14 Sessions 1 Manual Loads 0 Difficulty Rogue Special Mode None Game No. 60 Rogue 60 Adventurer 0 Explorer 0 Win Type - Total 0 Types 0/0/0/0/0/0/0/0/0/0 Lore% 12 Gallery% 16 Achievement% 17 Wizard Run 0 Options --------- Layout 0 ASCII 0 Keyboard 0 Movement Numpad Keybinds 0 Fullscreen 2 Font 24/Smallcaps Map View 76x50 Zoom Use 0% Tactical HUD 1 Map Filters NONE Filters NONE Steam 1 RUN: 7bc2520d-5491-49e7-85d3-21f3ae24fb39